 Dungeon Crawl Stone Soup version 0.21.1-1-g345015f (webtiles) character file.

37 Labyrinth the Stinger (level 3, -1/24 HPs)
             Began as a Merfolk Venom Mage on July 21, 2018.
             Slain by an adder (3 damage)
             ... on level 3 of the Dungeon.
             The game lasted 00:10:22 (1279 turns).

Labyrinth the Stinger (Merfolk Venom Mage)          Turns: 1279, Time: 00:10:22

Health: -1/24      AC:  7    Str:  8    XL:     3   Next: 39%
Magic:  0/6        EV: 13    Int: 14    God:
Gold:   44         SH:  0    Dex: 15    Spells: 0/6 levels left

rFire    . . .     SeeInvis .   m - +0 spear
rCold    . . .     Gourm    .   (no shield)
rNeg     . . .     Faith    .   a - +0 robe
rPois    .         Spirit   +   (no helmet)
rElec    .         Reflect  .   (no cloak)
rCorr    .         Harm     .   (no gloves)
MR       .....                  (no boots)
Stlth    ++........             l - amulet of guardian spirit
HPRegen  0.08/turn              n - +5 ring of protection
MPRegen  0.10/turn              (no ring)

@: very slightly contaminated
A: change form in water, swift swim, stealthy swim
a: no special abilities


You were on level 3 of the Dungeon.
You were not hungry.

You visited 1 branch of the dungeon, and saw 3 of its levels.

You collected 44 gold pieces.

Inventory:

Hand Weapons
 g - a +0 hand axe
 h - a +0 club
 m - a +0 spear (weapon)
Missiles
 e - 62 stones (quivered)
 k - 48 sling bullets
Armour
 a - a +0 robe (worn)
 j - a +0 plate armour
Jewellery
 l - an amulet of guardian spirit (around neck)
 n - a +5 ring of protection (left hand)
Scrolls
 f - a scroll of identify
 i - a scroll of amnesia
 o - a scroll of random uselessness {unknown}
Books
 b - a Young Poisoner's Handbook

   Spells                             Type                      Level
   a - Sting                          Conjuration/Poison           1
   b - Poisonous Vapours              Poison/Air                   2
   c - Mephitic Cloud                 Conjuration/Poison/Air       3
   d - Olgreb's Toxic Radiance        Poison                       4
   e - Venom Bolt                     Conjuration/Poison           5
Comestibles
 c - 4 rations
 p - 4 chunks of flesh


   Skills:
 + Level 3.2 Dodging
 + Level 2.5 Stealth
 + Level 2.3 Spellcasting
 + Level 0.7 Conjurations
 + Level 4.1 Poison Magic


You couldn't memorise any spells.
You knew the following spells:

 Your Spells              Type           Power        Failure   Level  Hunger
a - Sting                 Conj/Pois      #...         9%          1    #......
b - Poisonous Vapours     Pois/Air       #.....       16%         2    ###....
c - Mephitic Cloud        Conj/Pois/Air  #.......     34%         3    ###....


Dungeon Overview and Level Annotations

Branches:
Dungeon (3/15)

Altars:

Annotations:
D:2 Sigmund


Message History

Aim: an adder (moderately wounded)
The sting hits the adder.
The adder appears unharmed.
The adder is moderately wounded.
The adder misses you.
You miss the adder.
The adder is moderately wounded.
The adder barely misses you. The adder completely misses you.
You hit the adder.
The adder is heavily wounded.
The adder bites you but does no damage.
You hit the adder but do no damage.
The adder is heavily wounded.
The adder bites you but does no damage. The adder bites you.
* * * LOW HITPOINT WARNING * * *
The adder misses you.
Found a scroll labeled NUBUGEABEU.
The adder closely misses you.
There is a stone staircase leading up here.
The adder misses you. The adder bites you.
You die...

#..# ###### #..##
.....# # ##...#
.....###.##.#.####
..........w......#
..%...#.....#.##.#
w.............##K#
...ยง..#.########S#
......#. #@#
#.#.#.# #.# #>#.#.#
#.. . ..# # ##.# .
### ?# .# .# .#


You could see an adder and a kobold.

Vanquished Creatures
  An adder (D:2)
  A leopard gecko (D:2)
  3 bats
  A giant cockroach (D:1)
  7 goblins
  2 hobgoblins
  2 frilled lizards (D:1)
  2 kobolds (D:1)
  7 rats (D:1)
26 creatures vanquished.

Notes
Turn   | Place    | Note
-------+----------+-------------------------------------------
     0 | D:1      | Labyrinth the Merfolk Venom Mage began the quest for the Orb.
     0 | D:1      | Reached XP level 1. HP: 13/13 MP: 3/3
   161 | D:1      | Reached XP level 2. HP: 18/19 MP: 1/5
   165 | D:1      | Learned a level 2 spell: Poisonous Vapours
  1084 | D:2      | Reached skill level 4 in Poison Magic
  1084 | D:2      | Reached XP level 3. HP: 24/24 MP: 0/6
  1089 | D:2      | Learned a level 3 spell: Mephitic Cloud
  1238 | D:2      | Noticed Sigmund
  1273 | D:3      | HP: 1/24 [adder (5)]
  1279 | D:3      | Slain by an adder

Skill      XL: |  1  2 |
---------------+-------+-----
Dodging        | 3 |  3.2
Poison Magic   | 4 |  4.1
Stealth        | |  2.5
Spellcasting   | |  2.3
Conjurations   | |  0.7

Action                   || total
-------------------------++-------
Melee: Hand axe          ||    26
       Spear             ||    28
 Cast: Sting             ||    24
       Poisonous Vapours ||     6
  Use: Scroll            ||     3
  Eat: Ration            ||     1
Armor: Robe              ||    24
Dodge: Dodged            ||    70
